| TOP OF THE 1ST |
|
Palm Beach Nationals batting - Pitching for Amarillo ThunderHeads : RHP Rob Fisher
|
|
Pitching: RHP Rob Fisher
|
|
|
Batting: RHB Taffounnout Kame
|
0-0: TRIPLE (Line Drive, 7D, EV 106.2 MPH)
|
|
Batting: RHB Chad Madsen
|
0-0: Swinging Strike 0-1: Ball 1-1: Ground out U3 (Groundball, 23, EV 90.0 MPH)
|
|
Batting: RHB Er Le
|
0-0: Called Strike 0-1: Called Strike 0-2: Ball 1-2: Ball 2-2: Ground out U3 (Groundball, 34, EV 79.4 MPH) Taffounnout Kame scores
|
|
Batting: RHB Steve Kunselman
|
0-0: Swinging Strike 0-1: Fly out, F8 (Line Drive, 8RM, EV 97.5 MPH)
|
| Top of the 1st over - 1 run, 1 hit, 0 errors, 0 left on base; Palm Beach 1 - Amarillo 0 |
| BOTTOM OF THE 1ST |
|
Amarillo ThunderHeads batting - Pitching for Palm Beach Nationals : RHP Ramiro Ramirez
|
|
Pitching: RHP Ramiro Ramirez
|
|
|
Batting: LHB Eddie Reyes
|
0-0: Ball 1-0: Ball 2-0: Swinging Strike 2-1: Ball 3-1: Called Strike 3-2: Foul Ball, location: 2F 3-2: Foul Ball, location: 2F 3-2: Base on Balls
|
|
Batting: SHB Zack Barton
|
0-0: Called Strike Eddie Reyes steals 2nd base 0-1: Foul Ball, location: 2F 0-2: Strikes out swinging
|
|
Batting: RHB Jerry Foster
|
0-0: Foul Ball, location: 2F 0-1: Ball 1-1: Ball 2-1: SINGLE (Flyball, 78S, EV 90.0 MPH) Eddie Reyes to third Runner from 3rd tries for Home, SAFE, throw by LF to home
|
|
Batting: RHB Elias Sagrero
|
0-0: Called Strike 0-1: Ball 1-1: Ball 2-1: Foul Ball, location: 2F 2-2: Foul Ball, location: 2F 2-2: Ball 3-2: SINGLE (Groundball, 56D, EV 100.0 MPH) Jerry Foster to second
|
|
Batting: RHB Eric Camillo
|
0-0: Ball 1-0: Foul Ball, location: 2F 1-1: SINGLE (Line Drive, 8RS, EV 100.0 MPH) Jerry Foster to third Elias Sagrero to second
|
|
Batting: LHB Santino Pisanello
|
0-0: Foul Ball, location: 2F 0-1: Fly out, F4 (Flyball, 4MD, EV 89.4 MPH)
|
|
Batting: RHB Ron Squires
|
0-0: Swinging Strike 0-1: Ground out 4-3 (Groundball, 4, EV 78.8 MPH)
|
| Bottom of the 1st over - 1 run, 3 hits, 0 errors, 3 left on base; Palm Beach 1 - Amarillo 1 |
| TOP OF THE 2ND |
|
Palm Beach Nationals batting - Pitching for Amarillo ThunderHeads : RHP Rob Fisher
|
|
Batting: RHB Aaron Bateman
|
0-0: Ground out 4-3 (Groundball, 4, EV 88.8 MPH)
|
|
Batting: RHB Scott Merritt
|
0-0: Called Strike 0-1: Ball 1-1: Ball 2-1: Foul Ball, location: 2F 2-2: Foul Ball, location: 2F 2-2: Foul Ball, location: 2F 2-2: Foul Ball, location: 2F 2-2: Ball 3-2: Base on Balls
|
|
Batting: RHB Kenny Ball
|
0-0: Ball 1-0: Grounds into double play, 1-4-3 (Groundball, 15S, EV 71.2 MPH)
|
| Top of the 2nd over - 0 runs, 0 hits, 0 errors, 0 left on base; Palm Beach 1 - Amarillo 1 |
| BOTTOM OF THE 2ND |
|
Amarillo ThunderHeads batting - Pitching for Palm Beach Nationals : RHP Ramiro Ramirez
|
|
Batting: RHB Josh Shoemaker
|
0-0: Ball 1-0: Ball 2-0: Ball 3-0: Base on Balls
|
|
Batting: SHB Tyler Romo
|
0-0: Ball 1-0: Foul Ball, location: 2F 1-1: Foul Ball, location: 2F 1-2: Fly out, F8 (Flyball, 89M, EV 75.6 MPH)
|
|
Batting: LHB Eddie Reyes
|
0-0: Called Strike 0-1: Foul Ball, location: 2F 0-2: SINGLE (Line Drive, 8LS, EV 99.4 MPH) Josh Shoemaker to second
|
|
Batting: SHB Zack Barton
|
0-0: SINGLE (Groundball, 6MS, EV 69.4 MPH) (infield hit) Josh Shoemaker to third Eddie Reyes to second
|
|
Batting: RHB Jerry Foster
|
0-0: Ball 1-0: Ball 2-0: Called Strike 2-1: Called Strike 2-2: Strikes out swinging
|
|
Batting: RHB Elias Sagrero
|
0-0: Ball 1-0: Foul Ball, location: 2F 1-1: Fly out, F7 (Flyball, 7, EV 96.9 MPH)
|
| Bottom of the 2nd over - 0 runs, 2 hits, 0 errors, 3 left on base; Palm Beach 1 - Amarillo 1 |
| TOP OF THE 3RD |
|
Palm Beach Nationals batting - Pitching for Amarillo ThunderHeads : RHP Rob Fisher
|
|
Batting: RHB Joe Simmelink
|
0-0: Ball 1-0: Ball 2-0: Ground out 3-1 (Groundball, 34, EV 87.5 MPH)
|
|
Batting: RHB Akira Ishihara
|
0-0: Fly out, F7 (Flyball, 7LM, EV 102.5 MPH)
|
|
Batting: RHB Taffounnout Kame
|
0-0: Called Strike 0-1: Ball 1-1: Ground out 6-3 (Groundball, 6, EV 104.4 MPH)
|
| Top of the 3rd over - 0 runs, 0 hits, 0 errors, 0 left on base; Palm Beach 1 - Amarillo 1 |
| BOTTOM OF THE 3RD |
|
Amarillo ThunderHeads batting - Pitching for Palm Beach Nationals : RHP Ramiro Ramirez
|
|
Batting: RHB Eric Camillo
|
0-0: Foul Ball, location: 2F 0-1: Ball 1-1: Ball 2-1: Called Strike 2-2: Ball 3-2: Base on Balls
|
|
Batting: LHB Santino Pisanello
|
0-0: Ball 1-0: Swinging Strike 1-1: Grounds into double play, 5-4-3 (Groundball, 5, EV 80.0 MPH)
|
|
Batting: RHB Ron Squires
|
0-0: Called Strike 0-1: Ground out 6-3 (Groundball, 6, EV 83.8 MPH)
|
| Bottom of the 3rd over - 0 runs, 0 hits, 0 errors, 0 left on base; Palm Beach 1 - Amarillo 1 |
| TOP OF THE 4TH |
|
Palm Beach Nationals batting - Pitching for Amarillo ThunderHeads : RHP Rob Fisher
|
|
Batting: RHB Chad Madsen
|
0-0: Ball 1-0: Called Strike 1-1: Called Strike 1-2: Ball 2-2: Ball 3-2: Foul Ball, location: 2F 3-2: Foul Ball, location: 2F 3-2: Fly out, F9 (Flyball, 9, EV 90.0 MPH)
|
|
Batting: RHB Er Le
|
0-0: Foul Ball, location: 2F 0-1: Called Strike 0-2: Fly out, F7 (Line Drive, 7, EV 87.5 MPH)
|
|
Batting: RHB Steve Kunselman
|
0-0: Called Strike 0-1: Ball 1-1: Called Strike 1-2: Ball 2-2: Ball 3-2: Foul Ball, location: 2F 3-2: Ground out 5-3 (Groundball, 5L, EV 83.8 MPH)
|
| Top of the 4th over - 0 runs, 0 hits, 0 errors, 0 left on base; Palm Beach 1 - Amarillo 1 |
| BOTTOM OF THE 4TH |
|
Amarillo ThunderHeads batting - Pitching for Palm Beach Nationals : RHP Ramiro Ramirez
|
|
Batting: RHB Josh Shoemaker
|
0-0: Called Strike 0-1: Ball 1-1: Ball 2-1: Ball 3-1: Base on Balls
|
|
Batting: SHB Tyler Romo
|
0-0: 2-RUN HOME RUN (Flyball, 7D, EV 99.4 MPH), Distance : 374 ft
|
|
Batting: LHB Eddie Reyes
|
0-0: Ball 1-0: SOLO HOME RUN (Flyball, 9LD, EV 92.5 MPH), Distance : 337 ft
|
|
Batting: SHB Zack Barton
|
0-0: Ball 1-0: Foul Ball, location: 2F 1-1: Ball 2-1: Ball 3-1: Called Strike 3-2: Ground out 3-1 (Groundball, 34, EV 84.4 MPH)
|
|
Pitching: RHP Justin Davenport
|
|
|
Batting: RHB Jerry Foster
|
0-0: Fly out, F7 (Flyball, 78M, EV 85.0 MPH)
|
|
Batting: RHB Elias Sagrero
|
0-0: Hit by Pitch
|
|
Pinch Runner at 1st Bill Flannery:
|
|
|
Batting: RHB Eric Camillo
|
0-0: Ball Bill Flannery is caught stealing 2nd base 2-4
|
| Bottom of the 4th over - 3 runs, 2 hits, 0 errors, 0 left on base; Palm Beach 1 - Amarillo 4 |
| TOP OF THE 5TH |
|
Palm Beach Nationals batting - Pitching for Amarillo ThunderHeads : RHP Rob Fisher
|
|
Now at SS: Bill Flannery
|
|
|
Batting: RHB Aaron Bateman
|
0-0: Ball 1-0: Ground out 5-3 (Groundball, 5S, EV 89.4 MPH)
|
|
Batting: RHB Scott Merritt
|
0-0: Fly out, F4 (Popup, 4, EV 56.2 MPH)
|
|
Batting: RHB Kenny Ball
|
0-0: Called Strike 0-1: Fly out, F9 (Flyball, 89M, EV 92.5 MPH)
|
| Top of the 5th over - 0 runs, 0 hits, 0 errors, 0 left on base; Palm Beach 1 - Amarillo 4 |
| BOTTOM OF THE 5TH |
|
Amarillo ThunderHeads batting - Pitching for Palm Beach Nationals : RHP Justin Davenport
|
|
Batting: RHB Eric Camillo
|
0-0: Swinging Strike 0-1: Ball 1-1: Foul Ball, location: 2F 1-2: Fly out, F9 (Flyball, 89D, EV 108.8 MPH)
|
|
Batting: LHB Santino Pisanello
|
0-0: Called Strike 0-1: SINGLE (Groundball, 6S, EV 71.9 MPH) (infield hit)
|
|
Batting: RHB Ron Squires
|
0-0: Called Strike Santino Pisanello steals 2nd base 0-1: Foul Ball, location: 2F 0-2: Hit by Pitch
|
|
Batting: RHB Josh Shoemaker
|
0-0: Ball 1-0: Ball 2-0: Foul Ball, location: 2F 2-1: Ball 3-1: Foul Ball, location: 2F 3-2: Fly out, F7 (Line Drive, 7S, EV 92.5 MPH)
|
|
Batting: SHB Tyler Romo
|
0-0: Called Strike 0-1: Ball 1-1: Foul Ball, location: 2F 1-2: Ball 2-2: 3-RUN HOME RUN (Flyball, 9D, EV 95.6 MPH), Distance : 368 ft
|
|
Batting: LHB Eddie Reyes
|
0-0: Called Strike 0-1: Called Strike 0-2: Strikes out swinging
|
| Bottom of the 5th over - 3 runs, 2 hits, 0 errors, 0 left on base; Palm Beach 1 - Amarillo 7 |
| TOP OF THE 6TH |
|
Palm Beach Nationals batting - Pitching for Amarillo ThunderHeads : RHP Rob Fisher
|
|
Batting: RHB Joe Simmelink
|
0-0: Swinging Strike 0-1: SINGLE (Groundball, 56D, EV 101.2 MPH)
|
|
Batting: RHB Akira Ishihara
|
0-0: Swinging Strike 0-1: Swinging Strike 0-2: Foul Ball, location: 2F 0-2: Strikes out swinging
|
|
Batting: RHB Taffounnout Kame
|
0-0: Swinging Strike 0-1: Ball 1-1: Fly out, F8 (Line Drive, 8LM, EV 93.8 MPH)
|
|
Batting: RHB Chad Madsen
|
0-0: Ball 1-0: Ball 2-0: Ball 3-0: Called Strike 3-1: Foul Ball, location: 2F 3-2: Fly out, F7 (Flyball, 7D, EV 100.0 MPH)
|
| Top of the 6th over - 0 runs, 1 hit, 0 errors, 1 left on base; Palm Beach 1 - Amarillo 7 |
| BOTTOM OF THE 6TH |
|
Amarillo ThunderHeads batting - Pitching for Palm Beach Nationals : RHP Justin Davenport
|
|
Batting: SHB Zack Barton
|
0-0: SINGLE (Groundball, 23, EV 68.8 MPH) (infield hit)
|
|
Batting: RHB Jerry Foster
|
0-0: Ball Zack Barton steals 2nd base 1-0: Called Strike 1-1: 2-RUN HOME RUN (Flyball, 9D, EV 95.6 MPH), Distance : 351 ft
|
|
Batting: RHB Bill Flannery
|
0-0: Called Strike 0-1: Ball 1-1: Foul Ball, location: 2F 1-2: Ground out 6-3 (Groundball, 6, EV 101.9 MPH)
|
|
Batting: RHB Eric Camillo
|
0-0: Ball 1-0: Ball 2-0: Ball 3-0: Called Strike 3-1: SINGLE (Groundball, 56D, EV 103.8 MPH)
|
|
Batting: LHB Santino Pisanello
|
0-0: Foul Ball, location: 2F 0-1: Ball 1-1: Ball 2-1: Foul Ball, location: 2F 2-2: Foul Ball, location: 2F 2-2: Foul Ball, location: 2F 2-2: Fly out, F9 (Flyball, 89D, EV 90.0 MPH)
|
|
Batting: RHB Ron Squires
|
0-0: Ball 1-0: Fly out, F8 (Line Drive, 8LD, EV 96.9 MPH)
|
| Bottom of the 6th over - 2 runs, 3 hits, 0 errors, 1 left on base; Palm Beach 1 - Amarillo 9 |
| TOP OF THE 7TH |
|
Palm Beach Nationals batting - Pitching for Amarillo ThunderHeads : RHP Rob Fisher
|
|
Batting: RHB Er Le
|
0-0: Foul Ball, location: 2F 0-1: DOUBLE (Line Drive, 9LM, EV 113.8 MPH)
|
|
Batting: RHB Steve Kunselman
|
0-0: Called Strike 0-1: Swinging Strike 0-2: Foul Ball, location: 2F 0-2: Foul Ball, location: 2F 0-2: Ball 1-2: Strikes out looking
|
|
Batting: RHB Aaron Bateman
|
0-0: Foul Ball, location: 2F 0-1: Foul Ball, location: 2F 0-2: Strikes out swinging
|
|
Batting: RHB Scott Merritt
|
0-0: Foul Ball, location: 2F 0-1: Ball 1-1: SINGLE (Line Drive, 89S, EV 111.2 MPH) Er Le to third
|
|
Batting: RHB Kenny Ball
|
0-0: Fly out, F8 (Flyball, 89M, EV 85.0 MPH)
|
| Top of the 7th over - 0 runs, 2 hits, 0 errors, 2 left on base; Palm Beach 1 - Amarillo 9 |
| BOTTOM OF THE 7TH |
|
Amarillo ThunderHeads batting - Pitching for Palm Beach Nationals : RHP Justin Davenport
|
|
Batting: RHB Josh Shoemaker
|
0-0: SINGLE (Groundball, 6MS, EV 70.0 MPH) (infield hit)
|
|
Batting: SHB Tyler Romo
|
0-0: Ball 1-0: Ball 2-0: Ball 3-0: Called Strike 3-1: Base on Balls Josh Shoemaker to second
|
|
Pinch Hitting: RHB Sam Voss
|
0-0: Ball 1-0: SINGLE (Line Drive, 4D, EV 100.0 MPH) Josh Shoemaker to third Tyler Romo to second
|
|
Batting: SHB Zack Barton
|
0-0: Foul Ball, location: 2F 0-1: Ball 1-1: Swinging Strike 1-2: Fielders Choice at 2nd, 4-6 (Groundball, 4, EV 85.0 MPH) Josh Shoemaker scores Tyler Romo to third
|
|
Batting: RHB Jerry Foster
|
0-0: Ball 1-0: Called Strike 1-1: Ball 2-1: Ball 3-1: Base on Balls Zack Barton to second
|
|
Pitching: RHP Mike Hamilton
|
|
|
Batting: RHB Bill Flannery
|
0-0: Swinging Strike 0-1: Called Strike 0-2: Ball 1-2: Ball 2-2: Grounds into double play, 6-4-3 (Groundball, 6, EV 82.5 MPH)
|
| Bottom of the 7th over - 1 run, 2 hits, 0 errors, 2 left on base; Palm Beach 1 - Amarillo 10 |
| TOP OF THE 8TH |
|
Palm Beach Nationals batting - Pitching for Amarillo ThunderHeads : RHP Rob Fisher
|
|
Now in LF: Sam Voss
|
|
|
Pinch Hitting: LHB Chris Williams
|
0-0: Ball 1-0: Called Strike 1-1: Ball 2-1: Foul Ball, location: 2F 2-2: Fly out, F9 (Flyball, 89M, EV 88.1 MPH)
|
|
Batting: RHB Akira Ishihara
|
0-0: Ball 1-0: Called Strike 1-1: Swinging Strike 1-2: Ball 2-2: Foul Ball, location: 2F 2-2: Foul Ball, location: 2F 2-2: Foul Ball, location: 2F 2-2: Foul Ball, location: 2F 2-2: Strikes out swinging
|
|
Batting: RHB Taffounnout Kame
|
0-0: SINGLE (Groundball, 6MD, EV 95.6 MPH)
|
|
Batting: RHB Chad Madsen
|
0-0: Ball 1-0: Foul Ball, location: 2F 1-1: Reached on error, E5 (Groundball, 56, EV 108.8 MPH) Taffounnout Kame to second
|
|
Pitching: RHP Erik Myers
|
|
|
Batting: RHB Er Le
|
0-0: SINGLE (Groundball, 6MD, EV 100.0 MPH) Taffounnout Kame to third Chad Madsen to second Runner from 3rd tries for Home, SAFE, throw by CF to home
|
|
Batting: RHB Steve Kunselman
|
0-0: Ball 1-0: Called Strike 1-1: Foul Ball, location: 2F 1-2: Ball 2-2: 3-RUN HOME RUN (Flyball, 7D, EV 97.5 MPH), Distance : 374 ft
|
|
Batting: RHB Aaron Bateman
|
0-0: Foul Ball, location: 2F 0-1: Ball 1-1: Swinging Strike 1-2: Ball 2-2: Ground out 6-3 (Groundball, 6, EV 85.6 MPH)
|
| Top of the 8th over - 4 runs, 3 hits, 1 error, 0 left on base; Palm Beach 5 - Amarillo 10 |
| BOTTOM OF THE 8TH |
|
Amarillo ThunderHeads batting - Pitching for Palm Beach Nationals : RHP Mike Hamilton
|
|
Now in RF: Chris Williams
|
|
|
Batting: RHB Eric Camillo
|
0-0: Called Strike 0-1: Called Strike 0-2: Ball 1-2: Ball 2-2: Ball 3-2: SOLO HOME RUN (Flyball, 7D, EV 98.1 MPH), Distance : 372 ft
|
|
Batting: LHB Santino Pisanello
|
0-0: Ball 1-0: Ball 2-0: Called Strike 2-1: SINGLE (Groundball, 4MD, EV 108.1 MPH)
|
|
Batting: RHB Ron Squires
|
0-0: Ball Santino Pisanello steals 2nd, throwing error, E2 Santino Pisanello to third 1-0: Ball Balk! Santino Pisanello scores 2-0: Ball 3-0: Base on Balls
|
|
Batting: RHB Josh Shoemaker
|
0-0: 2-RUN HOME RUN (Flyball, 89XD, EV 99.4 MPH), Distance : 398 ft
|
|
Batting: SHB Tyler Romo
|
0-0: Called Strike 0-1: Ball 1-1: Foul Ball, location: 2F 1-2: Foul Ball, location: 2F 1-2: Ball 2-2: Ground out 4-3 (Groundball, 4, EV 99.4 MPH)
|
|
Batting: RHB Sam Voss
|
0-0: Ball 1-0: Swinging Strike 1-1: Ball 2-1: Foul Ball, location: 2F 2-2: Foul Ball, location: 2F 2-2: SINGLE (Line Drive, 78M, EV 97.5 MPH)
|
|
Batting: SHB Zack Barton
|
0-0: Called Strike 0-1: Ball Wild Pitch! Sam Voss to second 1-1: Ball 2-1: Ball 3-1: Base on Balls
|
|
Batting: RHB Jerry Foster
|
0-0: Fielders Choice at 2nd, 5-4 (Groundball, 56, EV 102.5 MPH) Sam Voss to third
|
|
Batting: RHB Bill Flannery
|
0-0: Ball 1-0: Ground out U3 (Groundball, 34, EV 83.8 MPH)
|
| Bottom of the 8th over - 4 runs, 4 hits, 1 error, 2 left on base; Palm Beach 5 - Amarillo 14 |
| TOP OF THE 9TH |
|
Palm Beach Nationals batting - Pitching for Amarillo ThunderHeads : RHP Erik Myers
|
|
Batting: RHB Scott Merritt
|
0-0: Foul Ball, location: 2F 0-1: Swinging Strike 0-2: Ball 1-2: Foul Ball, location: 2F 1-2: Foul Ball, location: 2F 1-2: Ball 2-2: SOLO HOME RUN (Line Drive, 7LD, EV 96.9 MPH), Distance : 347 ft
|
|
Pinch Hitting: RHB Vasag Semerjian
|
0-0: Called Strike 0-1: Ball 1-1: Called Strike 1-2: Ball 2-2: Foul Ball, location: 2F 2-2: Foul Ball, location: 2F 2-2: Foul Ball, location: 2F 2-2: Ball 3-2: Base on Balls
|
|
Batting: LHB Chris Williams
|
0-0: Called Strike 0-1: Ball 1-1: Foul Ball, location: 2F 1-2: Foul Ball, location: 2F 1-2: Ball 2-2: SINGLE (Groundball, 5S, EV 67.5 MPH) (infield hit) Vasag Semerjian to second
|
|
Batting: RHB Kiyonaga Nakamura
|
0-0: Ball Wild Pitch! Vasag Semerjian to third Chris Williams to second 1-0: Foul Ball, location: 2F 1-1: Foul Ball, location: 2F 1-2: Strikes out looking
|
|
Batting: RHB Taffounnout Kame
|
0-0: Ball 1-0: Ball 2-0: Called Strike 2-1: Ball 3-1: Called Strike 3-2: Base on Balls
|
|
Pitching: RHP Javier Chavez
|
|
|
Batting: RHB Chad Madsen
|
0-0: Ball Wild Pitch! Vasag Semerjian scores Chris Williams to third Taffounnout Kame to second 1-0: Ground out 6-3 (Groundball, 6, EV 85.0 MPH) Chris Williams scores Taffounnout Kame to third
|
|
Batting: RHB Er Le
|
0-0: Called Strike 0-1: Foul Ball, location: 2F 0-2: Strikes out swinging
|
| Top of the 9th over - 3 runs, 2 hits, 0 errors, 1 left on base; Palm Beach 8 - Amarillo 14 |
|